 Dungeon Crawl Stone Soup version 0.29.0-4-gdea44cf6ec (webtiles) character file.

Game seed: 4268334157881736675

50 qw the Chopper (level 3, 0/21 HPs)
             Began as a Tengu Warper on Aug 28, 2022.
             Succumbed to their own poison gas
             ... on level 2 of the Dungeon.
             The game lasted 00:00:09 (1893 turns).

qw the Chopper (Tengu Warper)                       Turns: 1893, Time: 00:00:10

Health: 0/21       AC:  5    Str: 13    XL:     3   Next: 79%
Magic:  7/7        EV: 11    Int: 13    God:
Gold:   81         SH:  0    Dex: 13    Spells: 6/6 levels left

rFire   . . .      SeeInvis .   Y - +1 hand axe
rCold   . . .      Faith    .   (no shield)
rNeg    . . .      Spirit   .   e - +0 ring mail
rPois   .          Reflect  .   (helmet restricted)
rElec   .          Harm     .   (no cloak)
rCorr   .          Rampage  .   (no gloves)
Will    .....                   (boots unavailable)
Stlth   +.........              (no amulet)
HPRegen 0.07/turn               (no ring)
MPRegen 0.10/turn               (no ring)

@: lethally poisoned (0 -> -4)
A: beak, talons 3
a: no special abilities


You were on level 2 of the Dungeon.
You visited 1 branch of the dungeon, and saw 2 of its levels.

You collected 81 gold pieces.


Innate Abilities, Weirdness & Mutations

You have a beak for a mouth.
You have claws for feet.


   Skills:
 - Level 2.0 Fighting
 + Level 4.4 Axes
 - Level 1.0 Throwing
 - Level 1.1 Armour
 - Level 2.1 Dodging
 - Level 2.0 Spellcasting
 - Level 2.4 Translocations


You had 6 spell levels left.
You didn't know any spells.
Your spell library contained the following spells:

 Spells                   Type           Power      Damage    Failure   Level
 Blink                    Tloc           14%        N/A       30%         2
 Gell's Gravitas          Tloc           7%         N/A       52%         3
 Lesser Beckoning         Tloc           7%         N/A       52%         3
 Teleport Other           Tloc           7%         N/A       52%         3
 Manifold Assault         Tloc           7%         N/A       99%         5

Inventory:

Hand Weapons
 g - a +0 morningstar
 Y - a +1 hand axe (weapon)
Armour
 e - a +0 ring mail (worn)
Scrolls
 b - a scroll of identify

Dungeon Overview and Level Annotations

Branches:
Dungeon (2/15)

Altars:

Shops:
D:1 (


Message History

1883 ||| READING scroll labelled ABREGRUVEA.
The air fills with toxic fumes!
As you read the scroll labelled ABREGRUVEA, it crumbles to dust.
It was a scroll of poison.
Done exploring.
1884 ||| READING scroll labelled VEAGEKHLALEFF.
As you read the scroll labelled VEAGEKHLALEFF, it crumbles to dust.
It is a scroll of enchant armour.
Really abort (and waste the scroll)?
Done exploring.
1885 ||| READING 2 scrolls of identify.
As you read the scroll of identify, it crumbles to dust.
c - a potion of invisibility
1885 ||| IDENTIFYING fuming orange potion Done exploring.
1886 ||| DROPPING potion of invisibility.
You drop a potion of invisibility.
Done exploring.
Done exploring.
(D) Dungeon
Where to? (* - list waypoints, Enter - D:2, ? - help)
What level of the Dungeon? (default 1, ? - help) Sorry, I don't know how to get there.
1887 ||| Stepping randomly (stuck).
Really walk into that cloud of poison gas?
You are engulfed in poison gas.
You are poisoned.
You feel very sick.
1888 ||| Stepping ~*~*~tactically~*~*~ (cloud).
You feel very sick.
You see here a potion of invisibility.
There is a lethal amount of poison in your body!
You feel very sick.
There is a lethal amount of poison in your body!
You feel sick.
There is a lethal amount of poison in your body!
You feel sick.
There is a lethal amount of poison in your body!
You feel sick.
There is a lethal amount of poison in your body!
You die...

######## ###
#......##### #..
###......(...###..
##¤¤.......##..##..
#.0#######..##.##..
##¤0#.....#..##.##..
#00@0.0<¤¤0...#.####
#.¤#0#0¤0#0#..#.####
#0¤#¤¤._¤¤¤#........
#¤0#.0¤.0<¤#...#####
#.0#00¤#.¤¤#........
#00##¤¤0..##.###....
#0¤.###¤###..# #.###
#............# #.# #
##...........# #.###


There were no monsters in sight!

Vanquished Creatures
  An adder (D:2)
  A dart slug (D:2)
  A ball python (D:2)
  3 bats
  3 endoplasms
  3 giant cockroaches
  4 goblins
  3 hobgoblins
  4 jackals (D:1)
  4 kobolds (D:1)
  3 quokkas (D:1)
  A frilled lizard (D:2)
  A rat (D:1)
32 creatures vanquished.

Notes
Turn   | Place    | Note
-------+----------+-------------------------------------------
     0 | D:1      | qw the Tengu Warper began the quest for the Orb.
     0 | D:1      | Reached XP level 1. HP: 12/12 MP: 4/4
     0 | D:1      | 0 ||| qw: Version: 0.1-a-89-g26bdef1
     0 | D:1      | 0 ||| qw: Game counter: 3125
     0 | D:1      | 0 ||| qw: Always use a shield: true
     0 | D:1      | 0 ||| qw: God list: Okawaru
     0 | D:1      | 0 ||| qw: Allow faded altars: false
     0 | D:1      | 0 ||| qw: Do Orc after D:15 true
     0 | D:1      | 0 ||| qw: Do second Lair branch before Depths: true
     0 | D:1      | 0 ||| qw: Lair rune preference: random
     0 | D:1      | 0 ||| qw: Plans: Normal
     0 | D:1      | 0 ||| PLANNING D:1-11
    79 | D:1      | Reached XP level 2. HP: 17/17 MP: 6/6
    83 | D:1      | Reached skill level 3 in Axes
   267 | D:1      | Found Ygeif's Weapon Emporium.
   287 | D:1      | 287 ||| SHOPLISTING +0 mace of protection (56 gold, have
                  | 2).
   820 | D:1      | Reached XP level 3. HP: 21/21 MP: 7/7
   917 | D:1      | 917 ||| UPGRADING to +0 ring mail.
   927 | D:1      | 927 ||| DROPPING +0 leather armour.
   928 | D:1      | 928 ||| READING scroll labelled PUHITE ZESAVUE.
   929 | D:1      | 929 ||| READING scroll labelled GECRIUKEIFF.
   930 | D:1      | 930 ||| READING scroll labelled YPLIEBRI DEE.
   931 | D:1      | 931 ||| DRINKING 2 sedimented green potions.
   932 | D:1      | 932 ||| DROPPING scroll of blinking.
   933 | D:1      | 933 ||| DROPPING potion of magic.
   983 | D:2      | Found a faded altar of an unknown god.
   987 | D:2      | 987 ||| STAIRDANCE
   994 | D:2      | 994 ||| STAIRDANCE
  1007 | D:2      | Reached skill level 4 in Axes
  1007 | D:2      | 1007 ||| STAIRDANCE
  1010 | D:1      | HP: 5/21 [poisoned by an adder]
  1263 | D:2      | 1263 ||| Stepping ~*~*~tactically~*~*~ (stealth).
  1636 | D:2      | 1636 ||| DROPPING +0 club.
  1883 | D:2      | 1883 ||| READING scroll labelled ABREGRUVEA.
  1884 | D:2      | 1884 ||| READING scroll labelled VEAGEKHLALEFF.
  1885 | D:2      | 1885 ||| READING 2 scrolls of identify.
  1885 | D:2      | 1885 ||| IDENTIFYING fuming orange potion
  1886 | D:2      | 1886 ||| DROPPING potion of invisibility.
  1887 | D:2      | 1887 ||| Stepping randomly (stuck).
  1888 | D:2      | 1888 ||| Stepping ~*~*~tactically~*~*~ (cloud).
  1890 | D:2      | HP: 4/21 [poisoned by you (poison gas)]
  1892 | D:2      | HP: 1/21 [poisoned by you (poison gas)]
  1893 | D:2      | Succumbed to their own poison gas

Levels and vault maps discovered:
D:1:      lightli_molten_gateway, layout_loops_ring, serial_shops,
          nicolae_shop_waterfront
D:2:      layout_basic, nicolae_ecumenical_pavilion

Skill      XL: |  1  2  3 |
---------------+----------+-----
Axes           | 3 4 |  4.4
Fighting       | |  2.0
Throwing       | |  1.0
Armour         | |  1.1
Dodging        | |  2.1
Spellcasting   | |  2.0
Translocations | |  2.4

Action                   || total
-------------------------++-------
Melee: Hand axe          ||    72
       Kick              ||    18
       Peck              ||     5
Throw: Boomerang         ||     7
  Use: Scroll            ||     6
       Potion            ||     1
Armor: Leather armour    ||    12
       Ring mail         ||     8
Dodge: Dodged            ||    33

Table legend:
 A = Non-vault XP
 B = Vault XP
 C = Vault XP percentage of total XP
 D = Non-vault monster count
 E = Vault monster count
 F = Vault count percentage of total count
                 A         B        C        D         E       F
            +---------+---------+-------+---------+---------+-------
      Total |      72 |       0 |   0.0 |      32 |       0 |   0.0
            +---------+---------+-------+---------+---------+-------
        D:1 |      38 |       0 |   0.0 |      21 |       0 |   0.0
        D:2 |      34 |       0 |   0.0 |      11 |       0 |   0.0
            +---------+---------+-------+---------+---------+-------
